 Dungeon Crawl Stone Soup version 0.19-a0-1608-g4cf22de (webtiles) character file.

42 jacquesderrida the Charmwright (level 3, 0/18 HPs)
             Began as a Vine Stalker Skald on Sept 17, 2016.
             Was an Initiate of Cheibriados.
             Succumbed to an adder's poison
             ... on level 3 of the Dungeon.
             The game lasted 00:02:42 (460 turns).

jacquesderrida the Charmwright (Vine Stalker Skald)  Turns: 460, Time: 00:02:43

Health: 0/18       AC:  6    Str: 12 (15) XL:     3   Next: 54%
Magic:  3/7        EV:  5    Int: 17 (18) God:    Cheibriados [......]
Gold:   72         SH:  0    Dex: 12 (13) Spells: 1 memorised, 5 levels left

rFire  . . .     SeeInvis .     a - +0 falchion
rCold  . . .     Gourm    .     g - +0 scale mail
rNeg   . . .     Faith    .     (no shield)
rPois  .         Spirit   +     (no helmet)
rElec  .         Dismiss  .     (no cloak)
rCorr  .         Reflect  .     (no gloves)
MR     .....     Harm     .     (no boots)
Stlth  ..........               (no amulet)
                                (no ring)
                                (no ring)

@: brilliant, lethally poisoned (0 -> -15), very slightly contaminated, hasted,
constricted, very quick
A: fangs 2, blurry vision 1, clumsy 1, magic shield, antimagic bite, no device
heal 3, rot immunity, subdued magic 1
a: Bend Time, Renounce Religion


You were on level 3 of the Dungeon.
You worshipped Cheibriados.
Cheibriados was noncommittal.
You were not hungry.

You visited 1 branch of the dungeon, and saw 3 of its levels.

You collected 72 gold pieces.

Inventory:

Hand Weapons
 a - a +0 falchion (weapon)
Missiles
 o - 4 curare-tipped needles
Armour
 b - a +0 leather armour
 f - a +0 ring mail
 g - a +0 scale mail (worn)
Scrolls
 e - a scroll of fear {unknown}
 h - a scroll of remove curse {unknown}
 k - a scroll of noise {unknown}
 l - 2 scrolls of teleportation {unknown}
Books
 c - a book of Battle

   Spells                             Type                      Level
   a - Infusion                       Charms                       1
   b - Shroud of Golubria             Charms/Translocation         2
   c - Song of Slaying                Charms                       2
   d - Spectral Weapon                Hexes/Charms                 3
   e - Regeneration                   Charms/Necromancy            3
Comestibles
 d - 4 bread rations
 q - a slice of pizza


   Skills:
 + Level 2.2 Fighting
 - Level 2.5 Long Blades
 - Level 0.7 Armour
 - Level 0.7 Dodging
 * Level 1.6 Unarmed Combat
 - Level 2.1 Spellcasting
 - Level 3.0 Charms


You had 5 spell levels left.
You knew the following spells:

 Your Spells              Type           Power        Failure   Level  Hunger
a - Infusion              Chrm           ###.         3%          1    #......


Dungeon Overview and Level Annotations

Branches:
Dungeon (3/15)

Altars:
Cheibriados
Trog

Annotations:
D:3 Robin


Innate Abilities, Weirdness & Mutations

You have extremely sharp teeth.
When hurt, damage is shared between your health and your magic reserves.
Your bite disrupts and absorbs the magic of your enemies.
Potions and wands cannot restore your health.
You are immune to rotting.
Scrolls take you a little longer to read.
You are clumsy. (Dex -2)
Your spells are a little easier to cast, but a little less powerful.


Message History

* * * LOW HITPOINT WARNING * * *
You hit the adder.
You kill the adder!
Cheibriados appreciates the change of pace.
* * * LOW HITPOINT WARNING * * *
You feel sick.
You slash the ball python!
You kill the ball python!
Cheibriados appreciates the change of pace.
* * * LOW HITPOINT WARNING * * *
You feel sick.
You hit the ball python.
The ball python is severely wounded.
* * * LOW HITPOINT WARNING * * *
You feel sick.
The ball python bites you but does no damage.
The ball python grabs you. The ball python constricts you.
Your scale mail prevents you from hitting the ball python.
The ball python is severely wounded.
You die...

## ####### #.#
##.......
#.###@# #.#S##
#.Y## #..#
#..### ###
#....####....
###..†.S.......
..........#####
#.
#.#.........#


You could see a sky beast and a ball python.

Vanquished Creatures
  2 adders
  A worm (D:2)
  A leopard gecko (D:3)
  An orc (D:3)
  A ball python (D:3)
  A giant cockroach (D:2)
  3 hobgoblins
  3 bats
  3 frilled lizards
  3 goblins
  2 rats
21 creatures vanquished.

Notes
Turn   | Place    | Note
-------+----------+-------------------------------------------
     0 | D:1      | jacquesderrida the Vine Stalker Skald began the quest for the Orb.
     0 | D:1      | Reached XP level 1. HP: 11/11 MP: 4/4
   150 | D:2      | Reached XP level 2. HP: 4/15 MP: 1/6
   153 | D:2      | Found a bloodstained altar of Trog.
   195 | D:2      | Found a snail-covered altar of Cheibriados.
   217 | D:2      | Became a worshipper of Cheibriados the Contemplative
   231 | D:3      | Noticed a sky beast
   231 | D:3      | Noticed Robin
   231 | D:3      | Noticed a phantom
   269 | D:2      | Reached skill level 1 in Unarmed Combat
   272 | D:2      | Reached XP level 3. HP: 11/18 MP: 7/7
   440 | D:3      | Gained mutation: You are clumsy. (Dex -2) [potion of mutation]
   440 | D:3      | Gained mutation: Your spells are a little easier to cast, but a little less powerful. [potion of mutation]
   440 | D:3      | Gained mutation: Scrolls take you a little longer to read. [potion of mutation]
   460 | D:3      | Succumbed to an adder's poison

Vault maps used:
D:1:      minmay_arrival_solitary_statue
D:2:      overflow_temple_1_default, old_standard_altar
D:3:      minitemple, st_stairs_14, corexii_hall_statues_u, uniq_robin

Skill      XL: |  1  2 |
---------------+-------+-----
Long Blades    | 2 |  2.5
Fighting       | 2 |  2.2
Unarmed Combat | 1 |  1.6
Armour         | |  0.7
Dodging        | |  0.7
Spellcasting   | |  2.1
Charms         | |  3.0

Action                   || total
-------------------------++-------
Melee: Falchion          ||    78
       Bite              ||    14
  Use: Potion            ||     5
Armor: Leather armour    ||     5
       Ring mail         ||     3
       Scale mail        ||    26
Dodge: Dodged            ||    39
